 Dungeon Crawl Stone Soup version 0.18-a0-1784-ga939a68 (webtiles) character file.

55 M4edhros the Grave Robber (level 3, 0/21 HPs)
             Began as an Octopode Necromancer on Apr 18, 2016.
             Succumbed to an adder's poison
             ... on level 2 of the Dungeon.
             The game lasted 00:04:24 (879 turns).

M4edhros the Grave Robber (Octopode Necromancer)     Turns: 879, Time: 00:04:24

Health: 0/21       AC:  1    Str:  7    XL:     3   Next: 93%
Magic:  1/6        EV: 12    Int: 17    God:
Gold:   56         SH:  0    Dex: 13    Spells: 2 memorised, 2 levels left

rFire  + . .     SeeInvis .       - Unarmed
rCold  . . .     Gourm    .     (no shield)
rNeg   . . .     Faith    .     (helmet restricted)
rPois  .         Spirit   .     (no amulet)
rElec  .         Dismiss  .     (no ring)
rCorr  .         Reflect  .     (no ring)
SustAt .         Harm     .     (no ring)
MR     .....                    (no ring)
Stlth  +++.......               (no ring)
                                (no ring)
                                (no ring)
                                (no ring)

@: lethally poisoned (0 -> -5), very slightly contaminated, not resistant to
hostile enchantments, fairly stealthy
A: almost no armour, amphibious, 8 rings, constrict 8, camouflage 1, fire
resistance 1, gelatinous body 1
a: no special abilities


You were on level 2 of the Dungeon.
You were hungry.

You visited 1 branch of the dungeon, and saw 4 of its levels.

You collected 56 gold pieces.

Inventory:

Missiles
 e - 65 stones (quivered)
Scrolls
 d - a scroll of enchant armour {unknown}
Books
 a - a book of Necromancy

   Spells                             Type                      Level
   a - Pain                           Necromancy                   1
   b - Animate Skeleton               Necromancy                   1
   c - Vampiric Draining              Necromancy                   3
   d - Regeneration                   Charms/Necromancy            3
   e - Animate Dead                   Necromancy                   4
   f - Control Undead                 Necromancy                   4
Comestibles
 b - 2 bread rations
 c - 2 chunks of flesh
 f - a slice of pizza
 g - a meat ration


   Skills:
 - Level 2.0 Dodging
 - Level 2.6 Stealth
 + Level 3.4 Unarmed Combat
 - Level 2.0 Spellcasting
 - Level 4.0 Necromancy


You had 2 spell levels left.
You knew the following spells:

 Your Spells              Type           Power        Failure   Level  Hunger
a - Pain                  Necr           ###.         3%          1    #......
b - Regeneration          Chrm/Necr      #.........   24%         3    ###....


Dungeon Overview and Level Annotations

Branches:
Dungeon (4/15)
 Temple: D:4-7

Altars:


Innate Abilities, Weirdness & Mutations

You cannot wear most types of armour.
You are amphibious.
You can wear up to eight rings at the same time.
You can use your tentacles to constrict eight enemies at once.
Your skin changes colour to match your surroundings (Stealth).
Your rubbery body absorbs attacks (AC +1).
Your flesh is heat resistant.


Message History

You aren't carrying any potions.
Read which item? (? for menu, Esc to quit)
Okay, then.
* * * LOW HITPOINT WARNING * * *
You feel sick.
* * * LOW HITPOINT WARNING * * *
You feel sick.
You see here a meat ration.
g - a meat ration You open the door.
* * * LOW HITPOINT WARNING * * *
You feel sick.
There is an open door here.
* * * LOW HITPOINT WARNING * * *
You feel sick.
* * * LOW HITPOINT WARNING * * *
You feel sick.
Found 9 gold pieces.
A giant cockroach comes into view.
You die...

############$#
####.....@......#
#........##......
#........# ...s.
#........# ....
#........# ...
#........# ..
####'##### . #.#
#.# #


You could see a giant cockroach (sleeping).

Vanquished Creatures
  2 adders (D:2)
  2 dart slugs
  2 orcs
  2 giant cockroaches (D:2)
  2 hobgoblins (D:1)
  2 jackals (D:2)
  2 kobolds
  2 quokkas (D:2)
  2 bats (D:1)
  4 giant newts
  5 goblins
  4 rats
31 creatures vanquished.

Notes
Turn   | Place    | Note
--------------------------------------------------------------
     0 | D:1      | M4edhros the Octopode Necromancer began the quest for the Orb.
     0 | D:1      | Reached XP level 1. HP: 11/11 MP: 3/3
    77 | D:1      | Reached skill level 1 in Unarmed Combat
   136 | D:1      | Reached XP level 2. HP: 3/17 MP: 0/5
   375 | D:2      | Gained mutation: Your flesh is heat resistant. [potion of beneficial mutation]
   539 | D:2      | Reached XP level 3. HP: 4/21 MP: 0/6
   545 | D:2      | Learned a level 3 spell: Regeneration
   874 | D:2      | HP: 1/21 [poisoned by an adder]
   879 | D:2      | Succumbed to an adder's poison

Vault maps used:
D:1:      dpeg_arrival_arbitrary_b, minmay_misc_feat_square, minmay_liquid_box
D:2:      first_bread
D:3:      serial_bayou_pond_c, makhleb_blood_cavern_becter
D:4:      uniq_pikel

Skill      XL: |  1  2  3 |
---------------+----------+-----
Unarmed Combat | 1 2 3 |  3.4
Dodging        | |  2.0
Stealth        | |  2.6
Spellcasting   | |  2.0
Necromancy     | |  4.0

Action                   || total
-------------------------++-------
Melee: Unarmed           ||    42
       Constrict         ||    12
       Tentacles         ||     2
 Cast: Pain              ||    41
       Regeneration      ||     3
  Use: Scroll            ||     2
       Potion            ||     1
 Stab: Sleeping          ||     1
  Eat: Chunk             ||     1
Armor: Skin              ||     9
Dodge: Dodged            ||    28
